cohdb
Replays
Latest Replays
All Replays
Popular Replays
Top Player Replays
Match Explorer
How It Works
Community
CoH3 Stats
Reddit
Sign in to upload your games and track your stats! →
Sign in with Steam
Match 43961371
Unlisted
Match 43961371
Overview
Messages
Build Orders
End
Pioneer Squad
Construct Infanterie Kompanie
Grenadier Squad
Grenadier Squad
Selects Mechanized Battlegroup
Grenadier Squad
Infanterie Officer Quarters
Construct Panzergrenadier Kompanie
Selects Raid Package
251 Medium Carrier
Medical Bunker
Panzergrenadier Officer Quarters
Pak 40 Anti-tank Gun Team
Selects 8 Rad Armored Car
8 Rad Armored Car
Pak 40 Anti-tank Gun Team
Selects Spotting Scopes
MG 42 Machine Gun Team
MG 42 Bunker
Construct Panzer Kompanie
Selects Wespe Self-propelled Artillery
Selects UNKNOWN (2160084)
Panther Heavy Tank
Stoßtruppen Squad
Panzer Officer Quarters
Wespe Self-propelled Artillery
Pioneer Squad
Wespe Self-propelled Artillery
bigcheese
BrianZ
b1ackie360
gskogowk
Jork Sparra
Knight Rider
Flat Arthur
Jet
0
0
Comments
sign in to comment!
No comments posted yet!